 Dungeon Crawl Stone Soup version 0.22-a0-305-gd21a89c538 (webtiles) character file.

794 Smorgh the Cleaver (level 7, -4/62 HPs)
             Began as a Deep Dwarf Fighter on Apr 1, 2018.
             Was a Follower of Makhleb.
             Splashed by Ijyb's acid (10 damage)
             ... on level 5 of the Dungeon.
             The game lasted 00:04:07 (3035 turns).

Smorgh the Cleaver (Deep Dwarf Fighter)             Turns: 3035, Time: 00:04:08

Health: -4/62      AC:  3    Str: 21    XL:     7   Next: 58%
Magic:  5/5        EV:  5    Int:  9    God:    Makhleb [*.....]
Gold:   231        SH:  9    Dex: 12    Spells: 6/6 levels left

rFire    . . .     SeeInvis .   a - +0 war axe
rCold    . . .     Gourm    .   c - +0 shield
rNeg     . . .     Faith    .   w - +0 storm dragon scales
rPois    .         Spirit   .   (no helmet)
rElec    +         Reflect  .   (no cloak)
rCorr    .         Harm     .   (no gloves)
MR       +....                  (no boots)
Stlth    ..........             (no amulet)
HPRegen  0.00/turn              (no ring)
MPRegen  0.09/turn              (no ring)

@: corroded, non-regenerating
A: damage resistance, heal wounds, sense surroundings 1, no regeneration
a: Heal Wounds, Renounce Religion


You were on level 5 of the Dungeon.
You worshipped Makhleb.
Makhleb was aware of your devotion.
You were not hungry.

You visited 1 branch of the dungeon, and saw 5 of its levels.

You collected 231 gold pieces.

Inventory:

Hand Weapons
 a - a +0 war axe (weapon)
 n - a +0 blowgun
Missiles
 m - 4 poisoned needles
Armour
 b - a +0 scale mail
 c - a +0 shield (worn)
 o - a +0 plate armour
 w - +0 storm dragon scales (worn)
Jewellery
 r - a +3 amulet of reflection {unknown}
 u - a +3 ring of evasion {unknown}
Scrolls
 g - 2 scrolls of random uselessness {unknown}
 h - 6 scrolls of teleportation {unknown}
 i - 8 scrolls of identify {unknown}
 l - 4 scrolls of remove curse {unknown}
 t - a scroll of immolation {unknown}
Potions
 d - a potion of might
 e - a potion of agility {unknown}
 j - a potion of heal wounds {unknown}
 k - a potion of flight {unknown}
 p - a potion of degeneration {unknown}
 q - a potion of magic {unknown}
 s - a potion of berserk rage {unknown}
 v - 3 potions of curing {unknown}
 z - a potion of brilliance {unknown}
Comestibles
 f - 6 rations


   Skills:
 + Level 3.3 Fighting
 + Level 8.3 Axes
 + Level 4.3 Armour
 + Level 0.6 Dodging
 + Level 4.3 Shields


You had 6 spell levels left.
You didn't know any spells.

Dungeon Overview and Level Annotations

Branches:
Dungeon (5/15)             Temple (0/1) D:5

Altars:
Ashenzari
Elyvilon
Kikubaaqudgha
Makhleb
Okawaru
Ru
Yredelemnul
The Shining One

Annotations:
D:5 Ijyb


Innate Abilities, Weirdness & Mutations

You are resistant to damage.
You can heal yourself by infusing magical energy.
You passively map a small area around you.
You do not regenerate.


Message History

Found a stone staircase leading up.
You open the door.
There is an open door here.
You open the door.
There is an open door here.
Ijyb the Twisted Goblin comes into view.
Ijyb shouts!
Ijyb zaps a wand.
The bolt of acid hits you! The acid corrodes you!
You are splashed with acid!
The acid burns!
It is a wand of acid (7).
Ijyb is nearby!
You are too injured to fight recklessly!
You feel much better.
Ijyb screams, "Get away!"
Ijyb zaps a wand.
The bolt of acid hits you! The acid corrodes you!
You are splashed with acid!
The acid burns!
* * * LOW HITPOINT WARNING * * *
Ijyb zaps a wand.
The bolt of acid hits you!
* * * LOW HITPOINT WARNING * * *
You are splashed with acid!
The acid burns!
You die...

#.....# ##'##
#####.# #.#
####.#### #.#
#.......# ##.##
#.##.##.# ##...##
#.##.##.# #.....#
#.##.##.# ##...##
#g##.##.###...####
#@##......<.......
#.#####.##########
#.......#
#########


You could see Ijyb.

Vanquished Creatures
  A hippogriff (D:3)
  A water moccasin (D:5)
  A sky beast (D:5)
  An ogre (D:4)
  A crimson imp (D:5)
  A quasit (D:3)
  5 orc wizards
  2 worker ants
  3 adders
  A worm (D:3)
  9 orcs
  5 bats
  A giant cockroach (D:1)
  7 goblins
  4 hobgoblins
  10 jackals
  6 quokkas
  A ball python (D:3)
  4 frilled lizards
  5 kobolds
  3 rats
72 creatures vanquished.

Notes
Turn   | Place    | Note
-------+----------+-------------------------------------------
     0 | D:1      | Smorgh the Deep Dwarf Fighter began the quest for the Orb.
     0 | D:1      | Reached XP level 1. HP: 20/20 MP: 1/1
    73 | D:1      | Reached skill level 3 in Axes
    73 | D:1      | Reached XP level 2. HP: 25/27 MP: 2/2
   570 | D:2      | Reached XP level 3. HP: 24/33 MP: 3/3
   679 | D:2      | Reached skill level 4 in Axes
  1016 | D:3      | Reached XP level 4. HP: 20/40 MP: 4/4
  1086 | D:3      | Reached skill level 5 in Axes
  1157 | D:3      | Found a sacrificial altar of Ru.
  1158 | D:3      | Found a glowing golden altar of the Shining One.
  1172 | D:3      | Found a burning altar of Makhleb.
  1173 | D:3      | Found a basalt altar of Yredelemnul.
  1174 | D:3      | Found an ancient bone altar of Kikubaaqudgha.
  1174 | D:3      | Found a white marble altar of Elyvilon.
  1175 | D:3      | Found an iron altar of Okawaru.
  1223 | D:3      | Became a worshipper of Makhleb the Destroyer
  1280 | D:3      | Noticed a hippogriff
  1288 | D:3      | Killed a hippogriff
  1288 | D:3      | Reached skill level 6 in Axes
  1288 | D:3      | Reached XP level 5. HP: 29/46 MP: 5/5
  1350 | D:3      | Reached skill level 7 in Axes
  1350 | D:3      | Reached XP level 6. HP: 35/55 MP: 6/6
  2349 | D:5      | Entered Level 5 of the Dungeon
  2386 | D:5      | Found a shattered altar of Ashenzari.
  2413 | D:5      | Noticed a sky beast
  2433 | D:5      | Killed a sky beast
  2433 | D:5      | Reached XP level 7. HP: 36/62 MP: 6/6
  2624 | D:5      | Found a staircase to the Ecumenical Temple.
  2639 | D:5      | Reached skill level 8 in Axes
  2764 | D:5      | Reached * piety under Makhleb
  3031 | D:5      | Noticed Ijyb
  3035 | D:5      | Splashed by Ijyb's acid

Vault maps used:
D:1:      kennysheep_arrival_seaside, feat_on_display
D:3:      minitemple
D:4:      first_ration
D:5:      minmay_temple_entry_large_hall, nicolae_ashenzari_panopticon,
          uniq_ijyb

Skill      XL: |  1  2  3  4  5  6  7 |
---------------+----------------------+-----
Axes           | 3 4 6 7 8 |  8.3
Fighting       | 3 |  3.3
Armour         | 4 |  4.3
Shields        | 4 |  4.3
Dodging        | |  0.6

Action                   |  1- 3 |  4- 6 |  7- 9 || total
-------------------------+-------+-------+-------++-------
Melee: War axe           |   127 |   122 |    44 ||   293
 Abil: Heal Wounds       |       |     6 |     4 ||    10
  Eat: Chunk             |       |     4 |       ||     4
       Ration            |       |       |     1 ||     1
Armor: Scale mail        |    75 |    33 |       ||   108
       Plate armour      |       |    43 |       ||    43
       Storm dragon scal |       |       |    43 ||    43
Dodge: Dodged            |    48 |    31 |     7 ||    86
Block: Shield            |    82 |    71 |    22 ||   175

Table legend:
 A = Spawn XP
 B = Non-spawn XP
 C = Spawn XP percentage of total XP
 D = Spawn monster count
 E = Non-spawn monster count
 F = Spawn count percentage of total count
 G = Total turns spent on level
                    A         B        C        D         E        F      G
               +---------+---------+-------+---------+---------+-------+---------
         Total |       0 |    1135 |   0.0 |       0 |      72 |   0.0 |  3035
               +---------+---------+-------+---------+---------+-------+---------
           D:1 |       0 |      20 |   0.0 |       0 |      13 |   0.0 |   488
           D:2 |       0 |      50 |   0.0 |       0 |      15 |   0.0 |   484
           D:3 |       0 |     359 |   0.0 |       0 |      20 |   0.0 |   868
           D:4 |       0 |     267 |   0.0 |       0 |      13 |   0.0 |   509
           D:5 |       0 |     439 |   0.0 |       0 |      11 |   0.0 |   686
               +---------+---------+-------+---------+---------+-------+---------
